 Dungeon Crawl Stone Soup version 0.21-a0-1-gaf3b9a5 (webtiles) character file.

30632 Monsterracer the Carver (level 13, 20/162 HPs)
             Began as a Barachi Gladiator on May 20, 2017.
             Was an Elder of Trog.
             Quit the game on level 6 of the Lair of Beasts.
             The game lasted 00:55:56 (20833 turns).

Monsterracer the Carver (Barachi Gladiator)        Turns: 20833, Time: 00:55:57

Health: 20/162     AC: 26    Str: 24    XL:     13   Next: 52%
Magic:  13/13      EV:  2    Int:  9    God:    Trog [****..]
Gold:   1245       SH: 13    Dex: 18    Spells: 12/12 levels left

rFire    + + .     SeeInvis .   Q - +1 long sword
rCold    + . .     Gourm    .   t - +0 shield
rNeg     + + +     Faith    .   (armour currently unavailable)
rPois    +         Spirit   .   (helmet currently unavailable)
rElec    +         Reflect  .   (cloak currently unavailable)
rCorr    +         Harm     .   (gloves currently unavailable)
MR       ++...     NoTele   +   (boots currently unavailable)
Stlth    ++........             v - amulet of the Air {Inacc +Fly rElec EV+5 RMsl}
Regen    1.4/turn               F - +3 ring of strength
MPRegen  0.2/turn               b - ring of protection from fire

@: mighty, tree-form (expiring), resistant, regenerating, repel missiles
A: +LOS, swims
a: Berserk, Trog's Hand, Brothers in Arms, Burn Spellbooks, Renounce Religion


You were on level 6 of the Lair of Beasts.
You worshipped Trog.
Trog was greatly pleased with you.
You were very hungry.
You were a tree.
You visited 2 branches of the dungeon, and saw 16 of its levels.
You also visited: Labyrinth.

You collected 1245 gold pieces.

Inventory:

Hand Weapons
 Q - a +1 long sword (weapon)
Missiles
 d - 2 throwing nets
 q - 5 silver tomahawks
 s - 26 tomahawks (quivered)
 D - 3 tomahawks of returning
 J - 3 javelins
 N - 2 poisoned javelins
Armour
 c - a +2 helmet (melded)
 k - the +0 chain mail "Kaommon" {rC+ SInv}
   (You found it on level 4 of the Dungeon)

   It protects you from cold.
   It lets you see invisible.
 l - the +5 chain mail of Kuzes (melded) {rPois}
   (You found it in a labyrinth)

   It protects you from poison.
 t - a +0 shield (worn)
 u - a scarf of cloud immunity (melded)
 w - a +2 pair of gloves (melded)
Jewellery
 b - a ring of protection from fire (right branch)
 v - the amulet of the Air (around neck) {Inacc +Fly rElec EV+5 RMsl}
   (You found it on level 3 of the Dungeon)

   [amulet of inaccuracy]

   It reduces the accuracy of all your attacks.
   It affects your evasion (+5).
   It insulates you from electricity.
   It lets you fly.
   It protects you from missiles.
 F - a +3 ring of strength (left branch)
Wands
 a - a wand of flame (35/48)
 y - a wand of confusion (23/48)
 P - a wand of clouds (8/9)
Scrolls
 e - 6 scrolls of blinking
 h - 10 scrolls of teleportation
 i - 2 scrolls of enchant armour
 m - 3 scrolls of remove curse
 o - 6 scrolls of identify
 r - 4 scrolls of magic mapping
 C - 4 scrolls of recharging
 I - a scroll of fog
 O - a scroll of immolation
Potions
 f - 6 potions of curing
 j - 3 potions of heal wounds
 p - 3 potions of lignification
 x - 5 potions of flight
 z - 2 potions of mutation
 K - 4 potions of brilliance
 L - a potion of might
Books
 M - the Catalogue of Twisted Dislocation
   (You found it on level 3 of the Lair of Beasts)

   Spells                             Type                      Level
   a - Sublimation of Blood           Necromancy                   2
   b - Blink                          Translocation                2
   c - Force Lance                    Conjuration/Translocation    4
   d - Dispersal                      Translocation                6
   Trog disapproves of the use of such an item.
Miscellaneous
 G - a phantom mirror
Comestibles
 g - 13 meat rations
 n - 5 royal jellies
 B - 4 fruits
 H - 4 bread rations


   Skills:
 * Level 12.2 Fighting
 - Level 14.0 Long Blades
 - Level 4.0 Throwing
 + Level 11.2 Armour
 + Level 11.0 Dodging
 + Level 10.0 Shields


You had 12 spell levels left.
You didn't know any spells.

Dungeon Overview and Level Annotations

Branches:
Dungeon (10/15)            Temple (0/1) D:7            Lair (6/6) D:9
 Shoals (0/4) Lair:2       Spider (0/4) Lair:4        Slime (0/5) Lair:6
    Orc (0/2) D:9

Altars:
Ashenzari
Cheibriados
Dithmenos
Elyvilon
Fedhas
Gozag
Qazlal
Ru
Sif Muna
Trog
Vehumet
Zin
The Shining One
Beogh
Jiyva

Shops:
D:5 [

Annotations:
Lair:5 exclusion: 4 oklob plants


Innate Abilities, Weirdness & Mutations

Shadows flee at your approach. (+LOS)
You can swim through water.
((You cover ground slowly.))
((You can hop longer distances.))
((You are partially covered in thin metallic scales. (AC +2)))
((Your movements are slightly less encumbered by armour. (ER -2)))


Message History

Your Shields skill increases to level 10!
The death yak gores you!
* * * LOW HITPOINT WARNING * * *
The yak gores you but does no damage.
Your skin crawls.
You feel resistant to hostile enchantments.
You feel somewhat more hungry. You block the death yak's attack.
You block the yak's attack.
You are starving!
Trog will no longer gift you weapons. The death yak gores you.
* * * LOW HITPOINT WARNING * * *
The yak gores you but does no damage.
You eat one of the 5 fruits.
You are feeling very hungry.
That choko was very bland.
The death yak gores you!
* * * LOW HITPOINT WARNING * * *
The death yak gores you but does no damage.
You block the yak's attack.
Are you sure you want to abandon this character and quit the game? (Confirm with "yes".)

#. ######## #.......
#....... #..#.... ##
##....P.. #.. #.....P..
#..##### #........ #P.#Y♣##
###........
##.YY#Y#####P....##...
#..yyYtY.##......###..
#.PPY.S...#....#.#....
###....##..P..........
#..#....#..P.......... #
####..................
#.##..#.#...................
............................


You could see 2 death yaks, a black mamba, 4 yaks, 2 hornets and a crocodile.

Vanquished Creatures
  The ghost of Roxy the Fencer, a journeyman FoFi of Okawaru (Lair:5)
  A minotaur (Lab)
  The ghost of nicetomeet the Carver, a journeyman DrBe of Trog (Lair:1)
  An ice dragon (Lair:3)
  2 two-headed ogres
  A death yak (Lair:6)
  An ugly thing (D:9)
  A manticore (Lair:2)
  3 elephants (Lair:3)
  4 black mambas
  The ghost of Onaxys the Covered, a novice BaFi of Ru (D:5)
  9 spiny frogs
  A komodo dragon (Lair:3)
  A rime drake (Lair:3)
  The ghost of Monsterracer the Slasher, an amateur BaGl (D:3)
  2 polar bears
  A hornet (Lair:4)
  20 blink frogs
  7 hippogriffs
  3 redbacks
  3 basilisks
  13 yaks
  5 wyverns
  2 hungry ghosts
  12 porcupines
  11 water moccasins
  5 orc warriors
  3 ice beasts
  3 sky beasts
  A black bear (Lair:1)
  2 ogres
  A phantom (D:4)
  9 wolves
  11 centaurs
  11 crocodiles
  8 bullfrogs
  10 scorpions
  7 killer bees
  5 wights (D:7)
  An electric eel (Lair:3)
  2 howler monkeys
  A crimson imp (D:9)
  A centaur zombie (D:5)
  2 quasits
  9 orc priests
  A bullfrog skeleton (D:7)
  A gnoll shaman (D:7)
  7 hounds
  7 orc wizards
  A centaur skeleton (D:8)
  2 iguanas
  8 worker ants
  A worker ant zombie (D:4)
  2 howler monkey zombies
  13 gnolls
  A howler monkey skeleton (D:5)
  19 adders
  An adder skeleton (D:4)
  4 worms
  6 dart slugs
  5 leopard geckos
  77 orcs
  A ball python (D:1)
  6 giant cockroaches
  21 goblins
  13 hobgoblins
  18 jackals
  9 kobolds
  5 quokkas
  8 bats
  7 frilled lizards
  9 rats
453 creatures vanquished.

Vanquished Creatures (collateral kills)
  A hydra (Lair:4)
1 creature vanquished.

Vanquished Creatures (others)
  A bush (Lair:3)
  22 fungi
  12 plants
35 creatures vanquished.

Grand Total: 489 creatures vanquished

Notes
Turn   | Place    | Note
-------+----------+-------------------------------------------
     0 | D:1      | Monsterracer the Barachi Gladiator began the quest for the Orb.
     0 | D:1      | Reached XP level 1. HP: 17/17 MP: 1/1
   207 | D:1      | Reached XP level 2. HP: 23/23 MP: 2/2
   415 | D:1      | Reached skill level 1 in Armour
   480 | D:1      | Reached skill level 4 in Long Blades
   841 | D:1      | Reached XP level 3. HP: 27/28 MP: 3/3
  1679 | D:2      | Reached XP level 4. HP: 24/34 MP: 4/4
  1905 | D:2      | Reached skill level 5 in Long Blades
  2154 | D:2      | Found a sacrificial altar of Ru.
  2236 | D:2      | Found a shattered altar of Ashenzari.
  2242 | D:2      | Reached XP level 5. HP: 41/41 MP: 5/5
  2434 | D:2      | Found a deep blue altar of Sif Muna.
  2438 | D:2      | Found a snail-covered altar of Cheibriados.
  2656 | D:2      | Found a faded altar of an unknown god.
  2671 | D:2      | Became a worshipper of Elyvilon the Healer
  2671 | D:2      | Reached * piety under Elyvilon
  2672 | D:2      | Fell from the grace of Elyvilon
  3033 | D:3      | Found a glowing golden altar of the Shining One.
  3035 | D:3      | Noticed an ice beast
  3040 | D:3      | Noticed an ice beast
  3455 | D:3      | Noticed Monsterracer's ghost (amateur BaGl)
  5826 | D:3      | Killed Monsterracer's ghost
  5826 | D:3      | Reached skill level 6 in Long Blades
  5826 | D:3      | Reached skill level 1 in Shields
  5826 | D:3      | Reached XP level 6. HP: 31/48 MP: 6/6
  6093 | D:4      | Found a glowing silver altar of Zin.
  6358 | D:4      | Found a bloodstained altar of Trog.
  6359 | D:4      | Noticed a phantom
  6380 | D:4      | Killed a phantom
  6380 | D:4      | Reached XP level 7. HP: 42/54 MP: 7/7
  6449 | D:4      | Became a worshipper of Trog the Wrathful
  6965 | D:4      | Noticed a hungry ghost
  7001 | D:4      | Killed a hungry ghost
  7001 | D:4      | Reached skill level 5 in Dodging
  7040 | D:4      | Reached skill level 7 in Long Blades
  7040 | D:4      | Reached XP level 8. HP: 54/61 MP: 8/8
  7165 | D:4      | Found a shadowy altar of Dithmenos.
  7383 | D:4      | Got a dazzling chain mail
  7394 | D:4      | Identified the cursed +0 chain mail "Kaommon" {rC+ SInv} (You found it on level 4 of the Dungeon)
  7543 | D:5      | Entered Level 5 of the Dungeon
  7740 | D:5      | Noticed Onaxys's ghost (novice BaFi)
  7777 | D:5      | Killed Onaxys's ghost
  7777 | D:5      | Reached skill level 5 in Fighting
  8265 | D:5      | Reached * piety under Trog
  8342 | D:5      | Reached skill level 8 in Long Blades
  8342 | D:5      | Reached skill level 5 in Armour
  8645 | D:5      | Found Ustrez's Armour Shoppe.
  8892 | D:3      | Reached XP level 9. HP: 68/68 MP: 9/9
  9075 | D:6      | Reached ** piety under Trog
  9085 | D:6      | Gained mutation: You are partially covered in thin metallic scales. (AC +2) [potion of mutation]
  9085 | D:6      | Gained mutation: Your muscles are strong. (Str +2) [potion of mutation]
  9085 | D:6      | Lost mutation: Your muscles are strong. (Str +2) [potion of mutation]
  9085 | D:6      | Gained mutation: Your movements are slightly less encumbered by armour. (ER -2) [potion of mutation]
  9167 | D:6      | Reached skill level 9 in Long Blades
 10312 | D:7      | Reached skill level 5 in Shields
 10518 | D:7      | Reached skill level 10 in Long Blades
 10619 | D:7      | Reached XP level 10. HP: 77/77 MP: 10/10
 11082 | D:7      | Found a staircase to the Ecumenical Temple.
 11208 | D:8      | Reached *** piety under Trog
 11487 | D:8      | You fall through a shaft for 2 floors!
 11487 | D:10     | Entered Level 10 of the Dungeon
 11765 | D:10     | Reached skill level 11 in Long Blades
 12169 | D:9      | Reached **** piety under Trog
 12172 | D:9      | Found a staircase to the Orcish Mines.
 12362 | D:9      | Noticed a green ugly thing
 12390 | D:9      | Killed a green ugly thing
 12472 | D:9      | Found an opulent altar of Gozag.
 12472 | D:9      | Found a white marble altar of Elyvilon.
 12522 | D:9      | Found a stormy altar of Qazlal.
 12524 | D:9      | Found a blossoming altar of Fedhas.
 12537 | D:9      | Found a radiant altar of Vehumet.
 12561 | D:9      | Noticed a two-headed ogre
 12566 | D:9      | Killed a two-headed ogre
 12566 | D:9      | Reached XP level 11. HP: 86/86 MP: 11/11
 12569 | D:9      | Received a gift from Trog
 12682 | D:9      | Found a staircase to the Lair.
 12876 | D:8      | Noticed a two-headed ogre
 12884 | D:8      | Killed a two-headed ogre
 12884 | D:8      | Reached skill level 12 in Long Blades
 12992 | D:8      | Found a roughly hewn altar of Beogh.
 13220 | Lair:1   | Entered Level 1 of the Lair of Beasts
 13220 | Lair:1   | Found a labyrinth entrance.
 13239 | Lair:1   | Reached ***** piety under Trog
 13288 | Lab      | Entered a labyrinth
 13445 | Lab      | Noticed a minotaur
 13463 | Lab      | Killed a minotaur
 13497 | Lab      | Identified the Almanac of Contamination and Combat Magic
 13693 | Lab      | Got a pitted chain mail
 13704 | Lab      | Identified the +5 chain mail of Kuzes {rPois} (You found it in a labyrinth)
 13901 | Lair:1   | Noticed nicetomeet's ghost (journeyman DrBe)
 13948 | Lair:1   | Killed nicetomeet's ghost
 14077 | Lair:1   | Found an opulent altar of Gozag.
 14922 | Lair:2   | Found a staircase to the Shoals.
 14923 | Lair:2   | Noticed a manticore
 14950 | Lair:2   | Killed a manticore
 14950 | Lair:2   | Reached skill level 13 in Long Blades
 15089 | Lair:2   | Received a gift from Trog
 15647 | Lair:3   | Reached XP level 12. HP: 81/96 MP: 12/12
 15988 | Lair:3   | Found a blossoming altar of Fedhas.
 16088 | Lair:3   | Identified a scroll of acquirement
 16941 | Lair:3   | Noticed an ice dragon
 16958 | Lair:3   | Killed an ice dragon
 17242 | Lair:3   | Identified the Catalogue of Twisted Dislocation
 17246 | Lair:3   | Got a transparent morningstar
 17247 | Lair:3   | Identified the cursed +0 morningstar of Siaru {protect, +Blink MR- Str+3} (You found it on level 3 of the Lair of Beasts)
 17324 | Lair:3   | Reached skill level 14 in Long Blades
 17379 | Lair:3   | Reached skill level 10 in Fighting
 17379 | Lair:3   | Reached skill level 10 in Armour
 17379 | Lair:3   | Reached skill level 10 in Dodging
 17649 | Lair:4   | Noticed a four-headed hydra
 17654 | Lair:4   | Killed a five-headed hydra
 17654 | Lair:4   | Received a gift from Trog
 17779 | Lair:4   | Found a hole to the Spider Nest.
 18590 | Lair:5   | Noticed Roxy's ghost (journeyman FoFi)
 18622 | Lair:5   | Gained mutation: You can hop longer distances. [Barachi growth]
 18622 | Lair:5   | Reached XP level 13. HP: 58/105 MP: 13/13
 18638 | Lair:5   | Killed Roxy's ghost
 19053 | Lair:5   | Received a gift from Trog
 19867 | Lair:6   | Entered Level 6 of the Lair of Beasts
 19987 | Lair:6   | Found a staircase to the Slime Pits.
 19987 | Lair:6   | Found a viscous altar of Jiyva.
 20829 | Lair:6   | Reached skill level 10 in Shields
 20833 | Lair:6   | Quit the game

Vault maps used:
D:1:      mrwooster_arrival_statue_3, roderic_lattice_a, minmay_pentomino_t4
D:2:      cheibrodos_pilgrimage, ashenzari_altar_1, minitemple,
          chequers_ecumenical_altar_twisty, first_bread,
          nicolae_ru_sacrificial_ziggurat
D:3:      gammafunk_temple_overflow_arena, kennysheep_generic_room_7
D:4:      cheibrodos_quashed, lemuel_round_altar,
          nicolae_dithmenos_through_a_glass_darkly, lemuel_doored_altar
D:5:      serial_shops, nicolae_shop_crystal
D:7:      corexii_shack_village, temple_hall, grunt_ministairs_8
D:8:      special_room
D:9:      grunt_temple_overflow_forces_of_nature,
          gammafunk_temple_overflow_wave, vehumet_altar_wand_db,
          grunt_lair_entry_orc_guard_hut, hiddenorc2_lemuel,
          hangedman_abyss_or_decor_lesser_grid
D:10:     basic_altar, hangedman_stone_soup
Lair:1:   lab_entry_generic, lemuel_centaur_altar, lemuel_fruit_tree
Lair:2:   minmay_shoals_entry_beasts, grunt_megastairs_5,
          infiniplex_staircase_pool_2
Lair:3:   dragon1_lemuel, basic_altar, grunt_megastairs_3, serial_bayou_shore_b
Lair:4:   nicolae_spider_entry_non_spiders
Lair:5:   minmay_lair_oklob_chamber
Lair:6:   hangedman_lair_tendril_chambers, wormcave, slime_altar_1
Lab:      labyrinth_spiral, nicolae_lab_starburst, nicolae_lab_do_over,
          nicolae_lab_quarters, nicolae_lab_stuck, lab_block,
          labyrinth_fake_exit, lab_statue

Skill      XL: |  1  2  3  4  5  6  7  8  9 10 11 12 13 |
---------------+----------------------------------------+-----
Armour         | 1 2 3 4 5 6 7 9 10 11 | 11.2
Long Blades    | 4 5 6 7 8 10 11 13 14 | 14.0
Fighting       | 3 4 5 6 8 9 10 12 | 12.2
Dodging        | 4 5 6 7 8 9 10 11 | 11.0
Throwing       | 3 4 |  4.0
Shields        | 1 2 3 5 6 8 9 10 | 10.0

Action                   |  1- 3 |  4- 6 |  7- 9 | 10-12 | 13-15 || total
-------------------------+-------+-------+-------+-------+-------++-------
Melee: Long sword        |   109 |   291 |   531 |   391 |    60 ||  1382
       Falchion          |       |       |       |   953 |   288 ||  1241
Throw: Stone             |       |     5 |       |       |       ||     5
       Throwing net      |       |     1 |     3 |       |       ||     4
       Tomahawk          |       |     5 |     1 |       |       ||     6
Invok: Renounce Religion |       |     1 |       |       |       ||     1
       Burn Spellbooks   |       |       |     3 |     1 |       ||     4
       Berserk           |       |       |     7 |    13 |     1 ||    21
       Trog's Hand       |       |       |     1 |       |     1 ||     2
       Brothers in Arms  |       |       |       |     1 |     4 ||     5
 Abil: Hop               |       |     1 |     1 |       |       ||     2
  Use: Potion            |     2 |     4 |     7 |     4 |     3 ||    20
       Scroll            |       |    13 |     5 |     9 |     1 ||    28
 Stab: Held in net/web   |       |       |     2 |       |       ||     2
  Eat: Chunk             |     2 |    13 |    21 |    39 |     7 ||    82
       Fruit             |       |     4 |       |     2 |     5 ||    11
       Royal jelly       |       |       |     2 |       |       ||     2
       Bread ration      |       |       |     2 |       |       ||     2
Armor: Leather armour    |    26 |       |       |       |       ||    26
       Ring mail         |     8 |    86 |    30 |       |       ||   124
       Chain mail        |       |       |   180 |   317 |    64 ||   561
       Skin              |       |       |       |       |    40 ||    40
Dodge: Dodged            |    88 |   151 |   193 |   679 |   153 ||  1264
       Deflected         |       |       |     6 |     9 |       ||    15
Block: Shield            |       |    40 |   188 |   512 |   195 ||   935
       Buckler           |       |       |    27 |    56 |       ||    83
       Rpst.: Long sword |    26 |    41 |    58 |    91 |    10 ||   226
       Falchion          |       |       |       |   112 |    44 ||   156
